 Dungeon Crawl Stone Soup version 0.23-a0-677-g07611c5 (webtiles) character file.

100 zishaf the Skirmisher (level 4, -4/48 HPs)
             Began as an Ogre Warper on Jan 10, 2019.
             Killed from afar by an orc wizard (6 damage)
             ... with a magic dart
             ... on level 2 of the Dungeon.
             The game lasted 00:05:06 (2731 turns).

zishaf the Skirmisher (Ogre Warper)                 Turns: 2731, Time: 00:05:07

Health: -4/48      AC:  3    Str: 15    XL:     4   Next: 73%
Magic:  8/8        EV: 10    Int: 14    God:
Gold:   103        SH:  0    Dex:  9    Spells: 2/9 levels left

rFire    . . .     SeeInvis .   a - +0 mace
rCold    . . .     Gourm    .   (no shield)
rNeg     . . .     Faith    .   l - +0 robe
rPois    .         Spirit   .   (helmet restricted)
rElec    .         Reflect  .   (no cloak)
rCorr    .         Harm     .   (gloves unavailable)
MR       .....                  (boots unavailable)
Stlth    +.........             (no amulet)
HPRegen  0.16/turn              (no ring)
MPRegen  0.11/turn              (no ring)

@: no status effects
A: large, unfitting armour, tough skin 1
a: no special abilities


You were on level 2 of the Dungeon.
You were not hungry.

You visited 1 branch of the dungeon, and saw 3 of its levels.

You collected 103 gold pieces.

Inventory:

Hand Weapons
 a - a +0 mace (weapon)
 b - a +0 hunting sling
Missiles
 e - 3 tomahawks of dispersal (quivered)
 m - 35 sling bullets
 n - 46 stones
 o - 11 poisoned needles
Armour
 l - a +0 robe (worn)
Jewellery
 c - a +1 ring of evasion {unknown}
Scrolls
 d - a scroll of blinking
 g - 5 scrolls of identify {unknown}
 i - 2 scrolls of teleportation {unknown}
 j - 2 scrolls of enchant armour {unknown}
Potions
 h - a potion of curing {unknown}
 k - a potion of ambrosia {unknown}
 p - a potion of agility {unknown}
Comestibles
 f - 9 rations
 q - 2 chunks of flesh


   Skills:
 + Level 3.9 Fighting
 + Level 2.5 Maces & Flails
 - Level 1.0 Throwing
 + Level 2.8 Dodging
 - Level 3.1 Spellcasting
 + Level 3.0 Translocations


You had 2 spell levels left.
You knew the following spells:

 Your Spells              Type           Power        Failure   Level  Hunger
a - Blink                 Tloc           N/A          9%          2    ##.....
b - Shroud of Golubria    Chrm/Tloc      #.........   17%         2    ##.....
c - Gell's Gravitas       Tloc           ##........   19%         3    ###....

Your spell library contained the following spells:

 Spells                   Type           Power        Failure   Level  Hunger
 Lesser Beckoning         Tloc           ##........   19%         3    ###....
 Teleport Other           Tloc           ##......     19%         3    ###....
 Passage of Golubria      Tloc           N/A          52%         4    #####..


Dungeon Overview and Level Annotations

Branches:
Dungeon (3/15)

Altars:
Kikubaaqudgha
Qazlal
Wu Jian
Zin


Innate Abilities, Weirdness & Mutations

You are too large for most types of armour.
You have tough skin. (AC +1)


Message History

You hit the orc wizard.
The orc wizard is severely wounded.
The goblin hits you with a +0 club.
* * * LOW HITPOINT WARNING * * *
The orc wizard gestures wildly while chanting.
The orc wizard seems to speed up.
You closely miss the orc wizard.
The orc wizard is severely wounded.
The orc wizard casts a spell at you. The magic dart hits you!
* * * LOW HITPOINT WARNING * * *
The goblin barely misses you.
The orc wizard hits you but does no damage.
The goblin hits you with a +0 club.
* * * LOW HITPOINT WARNING * * *
You closely miss the orc wizard.
The orc wizard is severely wounded.
The orc wizard casts a spell at you. The magic dart hits you!
You die...

..# #.#.#
##.####.########### #.#
#.#.#
#...>.<[.......... #.#
#.#.#
#.<###.###########
#.######.#.#####..# #.#
.......#.#........# #.#
...###.#.#######.## #.#
.........#######.# #.#
...###.........g.####.#
...#####........@o....#
.....###.##############
...#.....# #.########
..# ###


You could see an orc wizard and a goblin.

Vanquished Creatures
  Jessica (D:2)
  An adder (D:3)
  A worm (D:2)
  5 leopard geckos
  3 orcs
  A ball python (D:2)
  6 bats
  7 giant cockroaches
  6 hobgoblins
  2 jackals (D:1)
  5 frilled lizards
  7 goblins
  2 kobolds
  3 rats
50 creatures vanquished.

Notes
Turn   | Place    | Note
-------+----------+-------------------------------------------
     0 | D:1      | zishaf the Ogre Warper began the quest for the Orb.
     0 | D:1      | Reached XP level 1. HP: 22/22 MP: 3/3
   290 | D:1      | Reached XP level 2. HP: 6/29 MP: 5/5
   294 | D:1      | Learned a level 2 spell: Blink
   297 | D:1      | Learned a level 2 spell: Shroud of Golubria
  1109 | D:1      | Reached XP level 3. HP: 22/37 MP: 4/7
  1355 | D:2      | Noticed Jessica
  1357 | D:2      | Killed Jessica
  1357 | D:2      | Reached XP level 4. HP: 44/45 MP: 8/8
  1386 | D:2      | Learned a level 3 spell: Gell's Gravitas
  2499 | D:3      | Found a stormy altar of Qazlal.
  2499 | D:3      | Found a glowing silver altar of Zin.
  2499 | D:3      | Found an ornate altar of the Wu Jian Council.
  2500 | D:3      | Found an ancient bone altar of Kikubaaqudgha.
  2730 | D:2      | HP: 2/48 [goblin/+0 club (2)]
  2731 | D:2      | Killed from afar by an orc wizard

Vault maps used:
D:1:      lightli_arrival_statue_moat
D:2:      first_ration, uniq_jessica
D:3:      grunt_temple_overflow_open, chequers_ecumenical_altar_twisty

Skill      XL: |  1  2  3  4 |
---------------+-------------+-----
Fighting       | 3 |  3.9
Maces & Flails | 2 |  2.5
Spellcasting   | 3 |  3.1
Translocations | 3 |  3.0
Throwing       | |  1.0
Dodging        | |  2.8

Action                   |  1- 3 |  4- 6 || total
-------------------------+-------+-------++-------
Melee: Mace              |   120 |    87 ||   207
 Fire: Hunting sling     |       |    10 ||    10
Throw: Tomahawk          |     1 |     1 ||     2
 Cast: Shroud of Golubri |     2 |       ||     2
       Gell's Gravitas   |       |     2 ||     2
       Blink             |       |     1 ||     1
  Eat: Chunk             |     2 |     2 ||     4
       Ration            |       |     1 ||     1
Armor: Robe              |    49 |    28 ||    77
Dodge: Dodged            |    75 |    55 ||   130

Table legend:
 A = Non-vault XP
 B = Vault XP
 C = Vault XP percentage of total XP
 D = Non-vault monster count
 E = Vault monster count
 F = Vault count percentage of total count
                 A         B        C        D         E       F
            +---------+---------+-------+---------+---------+-------
      Total |     106 |      37 |  25.9 |      49 |       1 |   2.0
            +---------+---------+-------+---------+---------+-------
        D:1 |      40 |       0 |   0.0 |      23 |       0 |   0.0
        D:2 |      50 |      37 |  42.5 |      24 |       1 |   4.0
        D:3 |      16 |       0 |   0.0 |       2 |       0 |   0.0
            +---------+---------+-------+---------+---------+-------
